 Dungeon Crawl Stone Soup version 0.32-a0-672-gff75c0dad8 (webtiles) character file.

Game seed: 772332026062062118

22 GeoRichter the Poker (level 2, 0/22 HPs)
             Began as a Merfolk Warper on Mar 10, 2024.
             Slain by a gnoll
             ... wielding a +0 spear
              (3 damage)
             ... on level 1 of the Dungeon.
             The game lasted 00:00:53 (457 turns).

GeoRichter the Poker (Merfolk Warper)                Turns: 457, Time: 00:00:54

Health: 0/22       AC:  3    Str: 11    XL:     2   Next: 91%
Magic:  5/5        EV: 12    Int: 12    God:
Gold:   53         SH:  0    Dex: 13    Spells: 5/5 levels left

rFire   . . .        a - +0 spear
rCold   . . .        (no shield)
rNeg    . . .        b - +0 leather armour
rPois   .            (no helmet)
rElec   .            (no cloak)
rCorr   .            (no gloves)
SInv    +            (no boots)
Will    .....        (no amulet)
Stlth   +            h - ring of see invisible
HPRegen 0.23/turn    (no ring)
MPRegen 0.09/turn

%: no passive effects
@: attractive
A: (nimble swimmer 2), mertail
a: no special abilities


You were on level 1 of the Dungeon.
You visited 1 branch of the dungeon, and saw 1 of its levels.

You collected 53 gold pieces.

Inventory:

Hand Weapons
 a - a +0 spear (weapon)
Missiles
 d - 7 darts of dispersal (quivered) {!f}
 e - 3 poisoned darts
Armour
 b - a +0 leather armour (worn)
Jewellery
 h - a ring of see invisible (left hand)
   (You found it on level 1 of the Dungeon)
Scrolls
 g - a scroll of fog {unknown}
Potions
 f - a potion of attraction {!q}


   Skills:
 - Level 2.1 Fighting
 * Level 4.4 Polearms
 - Level 1.0 Throwing
 - Level 0.6 Armour
 - Level 2.6 Dodging
 - Level 2.0 Spellcasting
 - Level 2.4 Translocations


You had 5 spell levels left.
You didn't know any spells.
Your spell library contained the following spells:

 Spells                   Type           Power      Damage    Failure   Level
 Blink                    Tloc           12%        N/A       21%         2
 Lesser Beckoning         Tloc           12%        N/A       21%         2
 Teleport Other           Tloc           6%         N/A       38%         3
 Manifold Assault         Tloc           6%         N/A       80%         4
 Vhi's Electric Charge    Tloc/Air       8%         N/A       91%         4


Dungeon Overview and Level Annotations

Branches:
Dungeon (1/15) Zot: 5552

Altars:


Innate Abilities, Weirdness & Mutations

((You are very nimble when in or above water. (Stealth+, EV+, Speed+++)))
Your lower body shifts to a powerful aquatic tail in water.


Message History

Press: ? - help, Dir - move target, f/p - gnoll
Aim: a gnoll, wielding a +0 spear (moderately wounded, about 34% to evade your +0 spear)
You reach to attack!
You hit the gnoll but do no damage.
The gnoll is moderately wounded.
The gnoll closely misses you.
Reach: a) +0 spear
Press: ? - help, Dir - move target, f/p - gnoll
Aim: a gnoll, wielding a +0 spear (moderately wounded, about 34% to evade your +0 spear)
You reach to attack!
You hit the gnoll.
The gnoll is heavily wounded.
The gnoll barely misses you.
Reach: a) +0 spear
Press: ? - help, Dir - move target, f/p - gnoll
Aim: a gnoll, wielding a +0 spear (heavily wounded, about 34% to evade your +0 spear)
You reach to attack!
You closely miss the gnoll.
The gnoll is heavily wounded.
The gnoll hits you from afar with a +0 spear!
* * * LOW HITPOINT WARNING * * *
Reach: a) +0 spear
Press: ? - help, Dir - move target, f/p - gnoll
Aim: a gnoll, wielding a +0 spear (heavily wounded, about 34% to evade your +0 spear)
You reach to attack!
You hit the gnoll but do no damage.
The gnoll is heavily wounded.
The gnoll hits you from afar with a +0 spear.
* * * LOW HITPOINT WARNING * * *
Unknown command.
Reach: a) +0 spear
Press: ? - help, Dir - move target, f/p - gnoll
Aim: a gnoll, wielding a +0 spear (heavily wounded, about 34% to evade your +0 spear)
You reach to attack!
You hit the gnoll.
The gnoll is severely wounded.
The gnoll closely misses you.
Okay, then.
Okay, then.
Reach: a) +0 spear
Press: ? - help, Dir - move target, f/p - gnoll
Aim: a gnoll, wielding a +0 spear (severely wounded, about 34% to evade your +0 spear)
Okay, then.
Blink to where?
Press: ? - help, Dir - move target, p - gnoll
As you read the scroll of blinking, it crumbles to dust.
It was a potion of attraction.
You feel attractive to monsters. The gnoll is attracted toward you.
You hit the gnoll but do no damage.
The gnoll is severely wounded.
You hit the gnoll.
The gnoll is almost dead.
The gnoll hits you with a +0 spear.
You die...

######### #.g..ยง..#
#@#####.# ## #...# .. ..
#######.########### #.
#......>..........# #.
#.#####..###.####.###.
#.#........#.##.....#.
#.#.##...#.#)##.....#.
#.#.##...#....+.......
#####.#.##....)#.##.)...#.


You could see a gnoll.

Vanquished Creatures
  A ball python (D:1)
  3 endoplasms (D:1)
  3 giant cockroaches (D:1)
  2 goblins (D:1)
  A hobgoblin (D:1)
  3 kobolds (D:1)
  A quokka (D:1)
  3 bats (D:1)
  A frilled lizard (D:1)
18 creatures vanquished.

Notes
Turn   | Place    | Note
-------+----------+-------------------------------------------
     0 | D:1      | GeoRichter the Merfolk Warper began the quest for the Orb.
     0 | D:1      | Reached XP level 1. HP: 16/16 MP: 3/3
    64 | D:1      | Reached skill level 3 in Polearms
   166 | D:1      | Reached XP level 2. HP: 22/22 MP: 5/5
   236 | D:1      | Reached skill level 4 in Polearms
   252 | D:1      | Found a faded altar of an unknown god.
   457 | D:1      | Slain by a gnoll

Illustrated notes

Levels and vault maps discovered:
D:1:      psy_arrival_conway, layout_basic,
          shapermc_ecumenical_altar_notcrosses, due_unseen_surprise

Skill      XL: |  1  2 |
---------------+-------+-----
Polearms       | 3 4 |  4.4
Fighting       | |  2.1
Throwing       | |  1.0
Armour         | |  0.6
Dodging        | |  2.6
Spellcasting   | |  2.0
Translocations | |  2.4

Action                     || total
---------------------------++-------
  Melee: Spear             ||    74
    Use: Scroll            ||     1
         Potion            ||     1
   Stab: Sleeping          ||     1
 Armour: Leather armour    ||    25
  Dodge: Dodged            ||    26

Table legend: (Time is in decaauts)
 A = Elapsed time spent in this place.
 B = Non-inter-level travel time spent in this place.
 C = Inter-level travel time spent in this place.
 D = Time resting spent in this place.
 E = Time spent auto-exploring this place.
 F = Levels seen in this place.
 G = Mean time per level.
                   A        B        C        D        E       F      G
               +--------+--------+--------+--------+--------+-----+--------+
         Total |    446 |    446 |      0 |      0 |    313 |   1 |  446.0 |
       Dungeon |    446 |    446 |      0 |      0 |    313 |   1 |  446.0 |
               +--------+--------+--------+--------+--------+-----+--------+

Top non-repeatable levels by time:
     D:1: 446 daAuts
